AoeStats
← Lex

Arabia

505845494Analyzed
1v1 RM · 22d ago on Sep 11, 2026· 63m 16s· 2 players
Game mode
Random Map
Map size
Tiny (2 player)
Population
200
Speed
Normal
Resources
Standard
Victory
Conquest
Starting age
Dark Age
Ending age
Imperial Age
RankedLock teamsTeams togetherTeam positionsShared explorationLock speedFull tech treeHidden civsTurbo modeCheats
Victory
Defeat
🇹🇷 Maya · Türkiye
447
+21
🇫🇷 Maya · France
559
-21
mrBoombastic
0:33 Loom
13:47 Feudal Age
15:07 Wheelbarrow
14:18 Town Watch
14:17 Horse Collar
15:40 Double-Bit Axe
21:17 Castle Age
20:06 Arson
21:20 Eagle Warrior
22:02 Squires
24:18 Bow Saw
25:15 Gold Mining
26:45 Scale Mail Armor
29:21 Heavy Plow
29:06 Pikeman
30:38 Stone Mining
35:43 Imperial Age
35:02 Town Patrol
35:17 Hand Cart
35:37 Hul'che Javelineers
36:56 Stone Shaft Mining
37:20 Chain Mail Armor
36:56 Fletching
37:45 Elite Eagle Warrior
40:02 Two-Man Saw
39:48 Masonry
39:19 Treadmill Crane
40:31 Crop Rotation
40:13 Halberdier
42:25 Hoardings
42:03 Sappers
43:17 Forging
43:25 Elite Plumed Archer
44:34 Murder Holes
45:01 Ballistics
45:30 Heated Shot
46:41 Chemistry
46:23 Architecture
46:35 Conscription
47:21 Fortified Wall
47:03 Guard Tower
47:54 Plate Mail Armor
47:59 Iron Casting
47:25 Padded Archer Armor
49:39 Holcans
51:30 Blast Furnace
50:25 Bodkin Arrow
57:21 Leather Archer Armor
57:07 Bracer
Lex
0:39 Loom
10:18 Feudal Age
11:31 Double-Bit Axe
11:28 Horse Collar
20:58 Castle Age
18:58 Stone Mining
19:27 Gold Mining
20:00 Fletching
23:28 Bow Saw
23:23 Heavy Plow
30:23 Imperial Age
29:14 Thumb Ring
31:21 Bodkin Arrow
32:59 Bracer
32:59 Padded Archer Armor
34:03 Masonry
34:14 Ballistics
34:18 Conscription
36:35 Chemistry
35:41 Town Watch
36:34 Murder Holes
37:06 Leather Archer Armor
37:47 Squires
37:33 Arson
38:33 Ring Archer Armor
39:46 Wheelbarrow
40:15 Hoardings
40:09 Scale Mail Armor
40:33 Forging
40:18 Eagle Warrior
41:48 Chain Mail Armor
42:25 Iron Casting
43:34 Architecture
43:23 Town Patrol
44:22 Elite Eagle Warrior
49:20 Plate Mail Armor
51:33 Herbal Medicine
52:15 Holcans
51:08 Elite Plumed Archer
57:03 Blast Furnace
Connection lost

Rejoining the realm…

Still unreachable

The connection could not be restored.

Session expired

The server has moved on; the page needs a fresh start.